Map: [ESL] Goldenaura

Players

DnS - Winner!

  • Race: Protoss Protoss
  • Spawn Location: 5:00

MaNa

  • Race: Protoss Protoss
  • Spawn Location: 12:00

Event: ESL SC2 Masters 2023 Winter (Finals)

VOD

Have the link to the VOD?

Description

Time

  • Played on: Dec. 15, 2023, 10:12 a.m.
  • Length: 16:46

All games in this series

Show
View Real Time Build Order
Export as new Build Order

DnS Protoss - Winner!

Build Orders:  

Get SALT Encoding   

  12  0:00  Probe  
  13  0:12  Probe  
  14  0:17  Pylon  
  14  0:24  Probe (Chrono Boost)  
  15  0:36  Probe (Chrono Boost)  
  15  0:37  Gateway  
  16  0:44  Probe (Chrono Boost)  
  16  0:46  Assimilator  
  17  0:51  Probe  
  17  0:55  Assimilator  
  18  1:03  Probe (Chrono Boost)  
  19  1:07  Gateway  
  19  1:13  Probe (Chrono Boost)  
  20  1:18  Probe  
  20  1:24  Cybernetics Core  
  21  1:30  Probe  
  22  1:34  Pylon  
  22  1:43  Probe  
  23  1:55  Probe  
  23  2:01  Sentry, Stalker  
  26  2:03  Warp Gate  
  26  2:08  Probe  
  29  2:13  Pylon  
  29  2:25  Stalker  
  31  2:31  Stalker  
  31  2:32  Pylon  
  33  2:54  Nexus  
  33  3:00  Sentry  
  33  3:01  Sentry  
  33  3:04  Probe  
  38  3:09  Pylon  
  38  3:21  Probe  
  39  3:29  Twilight Council  
  39  3:33  Probe  
  40  3:45  Probe  
  41  3:50  Stalker x2  
  45  3:58  Probe (Chrono Boost)  
  45  4:01  Shield Battery  
  46  4:06  Probe (Chrono Boost)  
  44  4:11  Blink (Chrono Boost)  
  44  4:14  Probe (Chrono Boost)  
  44  4:16  Probe (Chrono Boost)  
  45  4:23  Probe (Chrono Boost)  
  47  4:26  Probe (Chrono Boost)  
  47  4:28  Stalker  
  47  4:29  Stalker, Probe (Chrono Boost)  
  52  4:33  Probe (Chrono Boost)  
  52  4:35  Probe  
  54  4:41  Robotics Facility  
  54  4:44  Probe  
  55  4:48  Probe  
  55  4:49  Pylon  
  56  4:55  Stalker  
  56  4:56  Stalker  
  56  4:57  Probe  
  61  5:00  Probe  
  61  5:14  Probe x2  
  61  5:21  Stalker x2  
  64  5:26  Probe  
  67  5:29  Observer  
  67  5:31  Probe  
  67  5:33  Nexus, Assimilator, Pylon  
  69  5:42  Probe  
  70  5:51  Probe  
  70  5:57  Probe, Pylon  
  72  5:59  Stalker x2  
  72  6:00  Forge  
  77  6:05  Gateway  
  77  6:06  Probe (Chrono Boost)  
  77  6:09  Pylon  
  77  6:10  Probe (Chrono Boost)  
  78  6:16  Shield Battery  
  79  6:18  Probe (Chrono Boost)  
  79  6:20  Probe (Chrono Boost)  
  79  6:23  Observer  
  81  6:26  Stalker, Protoss Ground Weapons Level 1 (Chrono Boost), Probe (Chrono Boost)  
  81  6:27  Stalker  
  81  6:28  Probe (Chrono Boost)  
  81  6:31  Probe (Chrono Boost)  
  87  6:37  Probe  
  88  6:46  Observer  
  89  6:47  Probe  
  89  6:48  Nexus  
  89  6:49  Charge  
  89  6:52  Probe  
  89  6:53  Probe  
  92  7:02  Stalker x2  
  92  7:05  Stalker  
  96  7:10  Probe  
  97  7:16  Gateway  
  97  7:19  Gateway  
  97  7:22  Observer, Gateway  
  97  7:23  Probe x2  
  97  7:24  Gateway  
  97  7:29  Probe  
  100  7:30  Gateway  
  100  7:35  Probe  
  101  7:38  Pylon  
  101  7:40  Pylon  
  101  7:44  Pylon  
  101  7:53  Immortal (Chrono Boost)  
  101  7:57  Pylon, Stalker x2  
  109  7:59  Shield Battery  
  109  8:00  Shield Battery, Probe x4  
  109  8:02  Stalker  
  109  8:03  Observer  
  115  8:07  Gateway  
  115  8:08  Pylon  
  115  8:12  Probe x3  
  118  8:13  Protoss Ground Weapons Level 2 (Chrono Boost), Pylon  
  118  8:19  Probe  
  119  8:26  Stalker x2  
  119  8:27  Stalker x2  
  124  8:33  Stalker x2  
  130  8:36  Probe  
  131  8:43  Warp Prism  
  131  8:47  Probe x3  
  134  8:52  Probe  
  134  8:54  Gateway  
  135  8:57  Assimilator  
  135  8:58  Photon Cannon  
  135  8:59  Probe x2  
  135  9:00  Stalker  
  135  9:01  Stalker x3  
  145  9:06  Photon Cannon  
  145  9:08  Zealot  
  147  9:10  Zealot  
  147  9:13  Stalker x2  
  153  9:19  Photon Cannon  
  153  9:23  Zealot  
  155  9:28  Pylon x3  
  147  9:42  Stalker x5  
  153  9:46  Pylon  
  153  9:47  Pylon, Probe x4  
  153  9:49  Pylon  
  153  9:50  Assimilator  
  153  9:51  Assimilator  
  157  9:53  Zealot x5  
  157  9:57  Dark Shrine  
  167  10:10  Photon Cannon  
  167  10:11  Photon Cannon  
  167  10:21  Stalker x5  
  167  10:22  Stalker x2  
  167  10:23  Zealot  
  167  10:25  Zealot x2  
  167  10:26  Protoss Ground Weapons Level 3 (Chrono Boost)  
  185  10:44  Zealot x4  
  185  10:45  Zealot x4  
  194  10:55  Robotics Bay  
  186  11:05  Photon Cannon  
  186  11:06  Robotics Facility  
  186  11:08  Assimilator  
  186  11:15  Stalker x9  
  186  11:16  Zealot  
  186  11:32  Nexus  
  186  11:33  Photon Cannon x2  
  184  11:41  Disruptor (Chrono Boost)  
  186  11:48  Pylon  
  186  11:49  Photon Cannon  
  186  11:51  Pylon  
  190  11:56  Disruptor (Chrono Boost)  
  190  12:08  Dark Templar, Zealot x2  
  189  12:09  Zealot x3  
  189  12:10  Zealot  
  199  12:16  Shadow Stride (Chrono Boost)  
  199  12:20  Gravitic Boosters  
  199  12:21  Nexus  
  199  12:22  Shield Battery  
  199  12:23  Pylon  
  199  12:27  Photon Cannon  
  199  12:29  Shield Battery  
  191  12:38  Disruptor x2  
  181  12:44  Zealot x9  
  161  13:05  Dark Templar  
  161  13:06  Zealot x8  
  161  13:07  Zealot  
  161  13:12  Photon Cannon, Probe x2  
  173  13:13  Disruptor (Chrono Boost), Photon Cannon  
  173  13:14  Photon Cannon  
  173  13:18  Disruptor (Chrono Boost)  
  155  13:33  Stalker x6  
  157  13:39  Probe  
  157  13:40  Probe x2  
  157  13:41  Protoss Shields Level 1 (Chrono Boost)  
  157  13:51  Observer (Chrono Boost)  
  158  13:56  Stalker x5  
  158  13:57  Stalker x2  
  172  14:02  Stalker x2  
  172  14:05  Observer  
  172  14:08  Observer  
  174  14:26  Disruptor  
  174  14:32  Stalker x3  
  174  14:33  Stalker x7  
  188  14:45  Gateway  
  188  14:47  Gateway  
  170  15:01  Disruptor x2 (Chrono Boost)  
  172  15:10  Stalker  
  172  15:11  Stalker x9  
  191  15:26  Disruptor (Chrono Boost)  
  191  15:27  Nexus, Pylon  
  195  15:30  Assimilator  
  193  15:38  Dark Templar  
  193  15:41  Dark Templar x2  
  199  15:49  Photon Cannon x2  
  199  15:51  Shield Battery  
  199  15:55  Photon Cannon  
  199  15:56  Assimilator, Photon Cannon  
  185  16:26  Zealot x3  
  185  16:27  Zealot x6  
  185  16:45  Stalker  
Show
View Real Time Build Order
Export as new Build Order

MaNa Protoss 

Build Orders:  

Get SALT Encoding   

  12  0:00  Probe  
  13  0:12  Probe  
  14  0:17  Pylon  
  14  0:24  Probe (Chrono Boost)  
  15  0:36  Probe (Chrono Boost)  
  15  0:37  Gateway  
  16  0:44  Probe (Chrono Boost)  
  16  0:47  Assimilator  
  17  0:51  Probe  
  18  1:03  Probe (Chrono Boost)  
  19  1:05  Assimilator  
  19  1:12  Gateway  
  19  1:13  Probe (Chrono Boost)  
  19  1:18  Probe (Chrono Boost)  
  20  1:24  Cybernetics Core  
  21  1:29  Probe  
  22  1:35  Pylon  
  22  1:41  Probe  
  23  1:53  Probe  
  24  2:00  Warp Gate  
  24  2:04  Stalker  
  24  2:07  Stalker  
  28  2:11  Probe  
  29  2:19  Pylon  
  29  2:25  Probe  
  30  2:37  Probe  
  34  2:46  Adept x2  
  34  2:57  Nexus  
  34  3:01  Probe  
  35  3:11  Pylon  
  35  3:13  Probe  
  36  3:23  Twilight Council  
  36  3:25  Probe (Chrono Boost)  
  37  3:37  Probe (Chrono Boost)  
  38  3:42  Pylon  
  38  3:43  Probe (Chrono Boost)  
  39  3:49  Stalker x2  
  39  3:51  Probe  
  44  4:03  Probe  
  44  4:07  Blink (Chrono Boost)  
  41  4:15  Probe (Chrono Boost)  
  41  4:16  Probe (Chrono Boost)  
  43  4:19  Stalker x2  
  47  4:27  Probe (Chrono Boost)  
  47  4:28  Probe (Chrono Boost)  
  49  4:33  Probe x2 (Chrono Boost)  
  51  4:40  Robotics Facility  
  51  4:43  Stalker  
  51  4:44  Stalker  
  55  4:47  Probe  
  55  4:48  Probe  
  55  4:52  Pylon  
  57  5:06  Stalker  
  59  5:07  Stalker  
  59  5:13  Nexus  
  61  5:14  Probe  
  61  5:16  Probe  
  63  5:29  Observer  
  63  5:30  Stalker x2  
  63  5:33  Shield Battery, Probe x2  
  70  5:38  Forge  
  70  5:41  Assimilator  
  70  5:45  Probe x2  
  72  5:50  Observer, Gateway  
  72  5:54  Stalker x2  
  77  6:01  Gateway  
  77  6:04  Protoss Ground Weapons Level 1 (Chrono Boost)  
  77  6:05  Pylon  
  77  6:06  Pylon  
  77  6:12  Pylon  
  77  6:13  Observer  
  78  6:20  Gateway  
  77  6:26  Probe (Chrono Boost), Stalker x2  
  77  6:27  Probe (Chrono Boost)  
  77  6:30  Probe (Chrono Boost)  
  84  6:36  Probe x2 (Chrono Boost)  
  84  6:37  Observer  
  84  6:38  Probe (Chrono Boost)  
  88  6:41  Probe (Chrono Boost)  
  88  6:45  Probe  
  90  6:48  Probe  
  90  6:53  Gateway x2, Probe  
  92  6:55  Gateway x2  
  92  6:58  Probe  
  92  7:06  Probe  
  93  7:09  Nexus  
  93  7:12  Pylon  
  94  7:15  Observer  
  94  7:18  Stalker x2  
  94  7:21  Probe x3  
  101  7:24  Assimilator  
  101  7:25  Stalker  
  103  7:32  Photon Cannon x2  
  103  7:34  Probe  
  103  7:36  Shield Battery  
  104  7:38  Protoss Ground Weapons Level 2 (Chrono Boost)  
  104  7:40  Observer  
  105  7:45  Probe x2, Pylon  
  105  7:46  Probe, Pylon  
  108  7:57  Forge, Probe x2  
  111  7:58  Probe  
  111  8:00  Pylon  
  111  8:03  Observer  
  112  8:09  Probe x2  
  112  8:11  Stalker x4  
  122  8:17  Photon Cannon  
  122  8:20  Probe  
  122  8:21  Probe  
  122  8:24  Observer  
  122  8:25  Protoss Ground Armor Level 1 (Chrono Boost)  
  122  8:26  Probe  
  125  8:27  Probe  
  125  8:29  Stalker x3  
  125  8:32  Probe  
  133  8:37  Assimilator  
  133  8:38  Assimilator, Probe  
  132  8:50  Charge (Chrono Boost)  
  132  8:53  Nexus  
  132  8:55  Photon Cannon  
  132  8:57  Pylon  
  132  8:59  Stalker x3  
  132  9:00  Stalker  
  132  9:02  Probe x2  
  142  9:06  Stalker  
  142  9:08  Stalker  
  146  9:13  Stalker x2  
  150  9:24  Stalker x4  
  151  9:28  Observer  
  158  9:31  Assimilator  
  158  9:32  Assimilator  
  158  9:35  Gateway  
  158  9:36  Gateway  
  150  9:43  Protoss Ground Weapons Level 3 (Chrono Boost), Stalker x4  
  154  9:52  Photon Cannon  
  154  10:03  Stalker x4  
  162  10:08  Protoss Ground Armor Level 2 (Chrono Boost), Shield Battery  
  162  10:10  Shield Battery x2  
  162  10:16  Stalker x2  
  162  10:19  Pylon  
  166  10:24  Stalker x2  
  166  10:26  Stalker  
  172  10:33  Stalker x2  
  172  10:35  Stalker  
  178  10:37  Stalker  
  180  10:46  Observer  
  180  10:52  Stalker x4  
  180  10:53  Stalker x3  
  194  11:02  Stalker x2  
  192  11:06  Assimilator  
  178  11:19  Stalker  
  178  11:21  Stalker x7  
  194  11:34  Warp Prism  
  194  11:35  Observer  
  191  11:50  Stalker x2  
  195  12:05  Protoss Shields Level 1 (Chrono Boost)  
  195  12:10  Observer  
  195  12:14  Protoss Ground Armor Level 3 (Chrono Boost)  
  195  12:30  Gateway  
  195  12:32  Gateway  
  195  12:35  Nexus  
  195  12:37  Gateway  
  195  12:38  Gateway  
  165  12:45  Stalker x11  
  149  13:04  Probe x2  
  139  13:05  Probe  
  139  13:08  Stalker x2  
  139  13:09  Stalker x8  
  139  13:10  Stalker  
  157  13:20  Probe  
  149  13:27  Zealot x2  
  149  13:33  Stalker x6  
  133  13:35  Observer  
  133  13:39  Probe x2  
  129  13:43  Stalker x2  
  133  13:51  Stalker x2  
  133  13:52  Sentry x2  
  141  13:58  Stalker  
  143  14:04  Stalker  
  143  14:05  Stalker  
  147  14:10  Shield Battery, Stalker  
  143  14:18  Stalker x2  
  143  14:21  Stalker  
  139  14:28  Probe x2  
  131  14:35  Probe x3  
  134  14:40  Probe x2  
  130  14:47  Stalker x2  
  130  14:48  Stalker x3  
  130  15:01  Sentry x2, Stalker x3  
  130  15:04  Probe x2  
  130  15:05  Probe  
  130  15:06  Probe  
  138  15:09  Probe  
  139  15:16  Probe  
  139  15:17  Probe  
  139  15:19  Probe x2  
  138  15:21  Probe  
  138  15:22  Stalker  
  140  15:29  Probe  
  140  15:30  Observer  
  139  15:38  Stalker x4  
  139  15:41  Observer  
  147  15:44  Observer (Chrono Boost)  
  147  15:48  Nexus  
  148  15:53  Zealot x2  
  148  15:55  Zealot  
  154  15:57  Observer (Chrono Boost), Stalker  
  148  16:12  Stalker x5  
  148  16:17  Observer  
  132  16:28  Stalker x6  
  108  16:43  Stalker x4  
Tags
 
Add a new tag
Caveats
  • Supply blocks, unpowered buildings, or Contaminate may cause inaccurate times.
  • Supply counts are checked every 10 seconds.